 Dungeon Crawl Stone Soup version 0.23.1 (webtiles) character file.

Game seed: 9583881446555641949

1143 Fang the Skirmisher (level 8, -4/51 HPs)
             Began as a Gargoyle Berserker on Mar 1, 2019.
             Was an Elder of Trog.
             Killed from afar by an orc wizard (8 damage)
             ... with a magic dart
             ... on level 5 of the Dungeon.
             The game lasted 00:05:14 (4348 turns).

Fang the Skirmisher (Gargoyle Berserker)            Turns: 4348, Time: 00:05:14

Health: -4/51      AC: 18    Str: 24    XL:     8   Next: 37%
Magic:  8/8        EV:  8    Int:  7    God:    Trog [****..]
Gold:   174        SH:  0    Dex: 11    Spells: 7/7 levels left

rFire    . . .     SeeInvis .   a - +0 hand axe
rCold    . . .     Gourm    .   (no shield)
rNeg     + . .     Faith    .   v - +0 plate armour (curse)
rPois    ∞         Spirit   .   (no helmet)
rElec    +         Reflect  .   (no cloak)
rCorr    .         Harm     .   (no gloves)
MR       .....                  (no boots)
Stlth    ..........             (no amulet)
HPRegen  0.17/turn              r - +2 ring of dexterity
MPRegen  0.11/turn              (no ring)

@: berserk cooldown, slowed, very slow
A: negative energy resistance 1, electricity resistance, unbreathing,
petrification resistance, rot immunity, AC +5
a: Berserk, Trog's Hand, Brothers in Arms, Renounce Religion


You were on level 5 of the Dungeon.
You worshipped Trog.
Trog was greatly pleased with you.
You were hungry.

You visited 1 branch of the dungeon, and saw 5 of its levels.

You collected 174 gold pieces.

Inventory:

Hand Weapons
 a - a +0 hand axe (weapon)
Armour
 v - a cursed +0 plate armour (worn)
Jewellery
 r - a +2 ring of dexterity (left hand)
Wands
 k - a wand of acid (13)
Scrolls
 b - a scroll of magic mapping {unknown}
 d - 2 scrolls of remove curse {unknown}
 f - 2 scrolls of random uselessness {unknown}
 h - 4 scrolls of amnesia {unknown}
 l - 3 scrolls of enchant weapon {unknown}
 m - 2 scrolls of fear {unknown}
 n - a scroll of enchant armour {unknown}
 p - a scroll of teleportation {unknown}
 q - a scroll of identify {unknown}
 w - a scroll of blinking {unknown}
Potions
 e - a potion of heal wounds {unknown}
 i - 3 potions of lignification {unknown}
 j - a potion of invisibility {unknown}
 o - a potion of degeneration {unknown}
 s - a potion of flight {unknown}
 t - a potion of haste {unknown}
 u - a potion of brilliance {unknown}
 x - a potion of might {unknown}
 z - a potion of resistance {unknown}
Comestibles
 c - 5 rations


   Skills:
 + Level 6.2 Fighting
 + Level 5.1 Axes
 + Level 5.6 Armour
 + Level 4.2 Dodging


You had 7 spell levels left.
You didn't know any spells.
Your spell library was empty.

Dungeon Overview and Level Annotations

Branches:
Dungeon (5/15)
 Temple: D:4-7

Altars:
Cheibriados
Gozag
Kikubaaqudgha
Makhleb
Qazlal

Shops:
D:4 [


Innate Abilities, Weirdness & Mutations

You are resistant to torment.
Your stone body is resilient. (AC +5)
You are immune to poison.
You resist negative energy. (rN+)
You are resistant to electric shocks. (rElec)
You can survive without breathing.
You are immune to petrification.
You are immune to rotting.


Message History

The orc wizard blinks!
You hit the hound.
The hound bites you but does no damage. x3
You closely miss the hound. The hound bites you.
* * * LOW HITPOINT WARNING * * *
The orc wizard points at you and mumbles some strange words.
You resist with some effort. The hound bites you but does no damage.
You hit the hound.
The hound bites you but does no damage. x2
The orc wizard hits you but does no damage.
You hit the orc wizard but do no damage.
You miss the hound. The hound bites you but does no damage.
The orc wizard hits you but does no damage.
The hound bites you but does no damage.
The orc wizard mumbles some strange words.
The orc wizard blinks!
The hound bites you but does no damage.
You hit the hound.
You kill the hound!
Trog accepts your kill. The orc wizard casts a spell at you.
The magic dart hits you!
You die...

#.###.# #+# #.
#†# #.# #.
#.###.###.# #.
#.........# #.
#####.#.).####
####.
#...)))....+
+....
#..........#
####.
#.......§..#
##
#...o....@.# #
#.......††.#
########.###
... .#.##
#.#.# # #.. ##


You could see an orc wizard.

Vanquished Creatures
  A sky beast (D:5)
  A phantom (D:4)
  2 ogres
  A centaur (D:5)
  2 howler monkeys
  3 hounds
  A gnoll shaman (D:5)
  4 orc priests
  4 orc wizards
  2 worker ants
  A hound skeleton (D:4)
  11 adders
  5 gnolls (D:5)
  An ooze (D:2)
  4 worms
  A dart slug (D:2)
  4 leopard geckos
  24 orcs
  7 bats
  4 giant cockroaches
  10 goblins
  6 hobgoblins
  4 jackals (D:2)
  5 kobolds
  2 quokkas
  A ball python (D:3)
  8 frilled lizards
  5 rats
124 creatures vanquished.

Notes
Turn   | Place    | Note
-------+----------+-------------------------------------------
     0 | D:1      | Fang the Gargoyle Berserker began the quest for the Orb.
     0 | D:1      | Reached XP level 1. HP: 14/14 MP: 1/1
    80 | D:1      | Reached XP level 2. HP: 15/19 MP: 2/2
   530 | D:1      | Reached XP level 3. HP: 13/23 MP: 3/3
  1161 | D:2      | Reached ** piety under Trog
  1402 | D:2      | Reached XP level 4. HP: 14/29 MP: 4/4
  1670 | D:2      | Found a snail-covered altar of Cheibriados.
  1733 | D:2      | Reached skill level 4 in Fighting
  1744 | D:2      | Reached XP level 5. HP: 7/33 MP: 5/5
  2022 | D:2      | Found an ancient bone altar of Kikubaaqudgha.
  2329 | D:3      | Noticed an ogre
  2334 | D:3      | Killed an ogre
  2355 | D:3      | Reached XP level 6. HP: 36/39 MP: 6/6
  2566 | D:3      | Reached *** piety under Trog
  2894 | D:3      | Found an opulent altar of Gozag.
  2998 | D:4      | Noticed a phantom
  3048 | D:4      | Killed a phantom
  3048 | D:4      | Reached skill level 5 in Fighting
  3048 | D:4      | Reached XP level 7. HP: 33/44 MP: 7/7
  3200 | D:4      | Found Fumalagam's Armour Shop.
  3512 | D:4      | Reached skill level 5 in Armour
  3619 | D:4      | Found a stormy altar of Qazlal.
  3711 | D:4      | Found a burning altar of Makhleb.
  3893 | D:5      | Entered Level 5 of the Dungeon
  3947 | D:5      | Reached XP level 8. HP: 32/51 MP: 8/8
  3998 | D:5      | Reached skill level 6 in Fighting
  4024 | D:5      | Reached **** piety under Trog
  4038 | D:5      | Reached skill level 5 in Axes
  4348 | D:5      | Killed from afar by an orc wizard

Skill      XL: |  1  2  3  4  5  6  7  8 |
---------------+-------------------------+-----
Axes           | 3 4 5 |  5.1
Dodging        | 2 3 4 |  4.2
Armour         | 3 4 5 |  5.6
Fighting       | 4 5 6 |  6.2

Action                   |  1- 3 |  4- 6 |  7- 9 || total
-------------------------+-------+-------+-------++-------
Melee: Hand axe          |   141 |   210 |   168 ||   519
Invok: Berserk           |     1 |     2 |     3 ||     6
  Eat: Chunk             |     2 |     8 |     3 ||    13
       Ration            |       |       |     1 ||     1
Armor: Animal skin       |     4 |       |       ||     4
       Scale mail        |    75 |   127 |       ||   202
       Chain mail        |       |    35 |     7 ||    42
       Plate armour      |       |       |   154 ||   154
Dodge: Dodged            |    87 |   152 |   100 ||   339
